 Dungeon Crawl Stone Soup version 0.30-a0-852-g08b95dd62f (webtiles) character file.

Game seed: 14514205097180737214

16849 cforsyth the Thaumaturge (level 12, -42/72 HPs)
             Began as a Deep Elf Earth Elementalist on Mar 5, 2023.
             Was a High Priest of Vehumet.
             Annihilated by a very large slime creature (60 damage)
             ... on level 12 of the Dungeon.
             The game lasted 00:24:37 (12829 turns).

cforsyth the Thaumaturge (DEEE)                    Turns: 12829, Time: 00:24:38

Health: -42/72     AC:  8    Str:  8    XL:     12   Next: 13%
Magic:  21/32      EV: 17    Int: 26    God:    Vehumet [*****.]
Gold:   409        SH:  0    Dex: 16    Spells: 21/39 levels left

rFire   + . .      SeeInvis +    C - +2 dagger of Qazlal's Generosity {freeze, rC+ Dex+3 SInv}
rCold   + + .      Faith    .    (no shield)
rNeg    . . .      Spirit   .    M - +0 troll leather armour
rPois   .          Reflect  .    n - +1 hat {Stlth+}
rElec   .          Rampage  .    u - +0 cloak
rCorr   .                        B - +0 pair of gloves
Will    +....                    y - +0 pair of boots
Stlth   +++                      (no amulet)
HPRegen 1.12/turn                o - ring of wizardry
MPRegen 0.23/turn                K - ring "Ajylemaw" {rF+ rC+ Str+3 Dex-2}

@: about to teleport
A: no striking features
a: Renounce Religion


You were on level 12 of the Dungeon.
You worshipped Vehumet.
Vehumet was extremely pleased with you.
You visited 2 branches of the dungeon, and saw 13 of its levels.

You collected 601 gold pieces.
You spent 192 gold pieces at shops.

Inventory:

Hand Weapons
 C - the +2 dagger of Qazlal's Generosity (weapon) {freeze, rC+ Dex+3 SInv}
   (You bought it in a shop on level 4 of the Dungeon)

   Dex:       It affects your dexterity (+3).
   rC:        It protects you from cold.
   SInv:      It lets you see invisible.
Armour
 a - a +0 robe
 n - a +1 hat of stealth (worn)
 u - a +0 cloak (worn)
 y - a +0 pair of boots (worn)
 B - a +0 pair of gloves (worn)
 M - a +0 troll leather armour (worn)
Jewellery
 h - a ring of protection from fire
 o - a ring of wizardry (left hand)
 q - a ring of willpower
 r - a ring of fire
 z - a ring of see invisible
 J - a +6 ring of strength
 K - the ring "Ajylemaw" (right hand) {rF+ rC+ Str+3 Dex-2}
   (You found it on level 9 of the Dungeon)

   [ring of protection from cold]

   Str:       It affects your strength (+3).
   Dex:       It affects your dexterity (-2).
   rF:        It protects you from fire.
   rC:        It protects you from cold.
Wands
 D - a wand of flame (41)
 I - a wand of charming (1)
Scrolls
 c - a scroll of immolation
 f - a scroll of fear
 g - a scroll of blinking
 i - a scroll of enchant weapon {unknown}
 j - a scroll of acquirement {unknown}
 m - 5 scrolls of teleportation
 v - a scroll of amnesia {unknown}
 F - a scroll of magic mapping {unknown}
 G - 3 scrolls of silence
 H - a scroll of brand weapon {unknown}
 L - 5 scrolls of identify
 N - a scroll of enchant armour {unknown}
Potions
 b - 2 potions of magic
 d - 7 potions of curing
 e - 4 potions of might
 k - a potion of brilliance
 l - 4 potions of lignification
 p - 2 potions of berserk rage
 s - 2 potions of ambrosia {unknown}
 t - 2 potions of mutation
 w - a potion of flight {unknown}
 x - 2 potions of invisibility {unknown}
 A - 3 potions of haste {unknown}
 E - 7 potions of heal wounds {unknown}


   Skills:
 + Level 7.1 Fighting
 + Level 10.6 Dodging
 - Level 2.4 Stealth
 - Level 14.0 Spellcasting
 + Level 2.9 Conjurations
 - Level 5.0 Transmutations
 - Level 12.1 Earth Magic


You had 21 spell levels left.
You knew the following spells:

 Your Spells              Type           Power      Damage    Failure   Level
a - Sandblast             Erth           100%       2d20      1%          1
b - Stone Arrow           Conj/Erth      100%       3d13      1%          3
c - Petrify               Tmut/Erth      58%        N/A       1%          4
d - Statue Form           Tmut/Erth      38%        N/A       9%          6
e - Airstrike             Air            9%         2d(2-18)  5%          4

Your spell library contained the following spells:

 Spells                   Type           Power      Damage    Failure   Level
 Arcjolt                  Conj/Air       12%        1d22      8%          5
 Apportation              Tloc           36%        N/A       1%          1
 Foxfire                  Conj/Fire      100%       2x1d9     1%          1
 Freeze                   Ice            72%        1d8       1%          1
 Necrotise                Necr           72%        1d7       1%          1
 Summon Small Mammal      Summ           72%        N/A       1%          1
 Passwall                 Tmut/Erth      48%        N/A       1%          2
 Frozen Ramparts          Ice            36%        1d6       1%          3
 Hailstorm                Conj/Ice       25%        3d7       1%          3
 Inner Flame              Hex/Fire       18%        N/A       1%          3
 Lesser Beckoning         Tloc           36%        N/A       2%          2
 Flame Wave               Conj/Fire      25%        2d8       3%          4
 Sticky Flame             Conj/Fire      25%        2d5       3%          4
 Call Canine Familiar     Summ           18%        N/A       5%          3
 Gell's Gravitas          Tloc           18%        N/A       5%          3
 Portal Projectile        Hex/Tloc       36%        N/A       5%          3
 Summon Guardian Golem    Hex/Summ       18%        N/A       5%          3
 Teleport Other           Tloc           18%        N/A       5%          3
 Tukima's Dance           Hex            18%        N/A       5%          3
 Olgreb's Toxic Radiance  Pois           18%        N/A       5%          4
 Yara's Violent Unravell  Hex/Tmut       15%        3d8       5%          5
 Blade Hands              Tmut           22%        N/A       6%          5
 Fireball                 Conj/Fire      12%        3d7       8%          5
 Passage of Golubria      Tloc           18%        N/A       17%         4
 Metabolic Englaciation   Hex/Ice        9%         N/A       43%         5
 Ozocubu's Refrigeration  Ice            9%         4d9       94%         7
 Ignition                 Fire           9%         3d5       100%        8


Dungeon Overview and Level Annotations

Branches:
Dungeon (12/15)            Temple (1/1) D:5            Lair (0/5) D:9
    Orc (0/2) D:10

Altars:
Cheibriados
Dithmenos
Elyvilon
Fedhas
Gozag
Hepliaklqana
Makhleb
Nemelex Xobeh
Qazlal
Ru
Sif Muna
Trog
Uskayaw
Vehumet
Xom
Yredelemnul
The Shining One

Shops:
D:4 *   D:6 *   D:12 !

Annotations:
D:8 2 runed translucent doors, 1 transporter, Farfigtubin's ghost, novice KoBr


Message History

Aim: a boulder beetle (moderately wounded, 100% to hit)
The stone arrow hits the boulder beetle but does no damage.
The boulder beetle is moderately wounded.
The boulder beetle bites you.
Casting: Stone Arrow (safe; 1% risk of failure)
Confirm with . or Enter, or press ? or * to list all spells.
Aiming: Stone Arrow (safe; 1% risk of failure)
Press: ? - help, Shift-Dir - straight line, f/p - boulder beetle
Aim: a boulder beetle (moderately wounded, 100% to hit)
The stone arrow hits the boulder beetle!
The boulder beetle is heavily wounded.
The boulder beetle closely misses you.
Casting: Stone Arrow (safe; 1% risk of failure)
Confirm with . or Enter, or press ? or * to list all spells.
Aiming: Stone Arrow (safe; 1% risk of failure)
Press: ? - help, Shift-Dir - straight line, f/p - boulder beetle
Aim: a boulder beetle (heavily wounded, 100% to hit)
The stone arrow hits the boulder beetle.
The boulder beetle is heavily wounded.
Your surroundings suddenly seem different.
A brown ugly thing and 6 slime creatures come into view.
The slime creature quivers.
As you read the scroll of teleportation, it crumbles to dust.
You feel strangely unstable.
The brown ugly thing gurgles horribly!
The slime creature quivers.
You hear two shouts!
The slime creature hits you.
Two slime creatures merge to form a large slime creature.
The brown ugly thing headbutts you!
You are splashed with acid.
* * * LOW HITPOINT WARNING * * *
Two slime creatures merge to form a large slime creature.
Two slime creatures merge to form a very large slime creature.
Unknown command.
The brown ugly thing attacks as you move away!
The brown ugly thing misses you.
The very large slime creature attacks as you move away!
The very large slime creature hits you!!!
Ouch! That really hurt!
You die...

##...###.B.##
.†#### ##T##
##...# ... #
....#..c.. #
....#.!)!.# #
....#..[..# #
...###...##
######. .
#### #####
####....... #
#.J@# #.JuJ.#
#.....#
#.....#
#.#...##
#.##### . #.


You could see a brown ugly thing, a very large slime creature, a large slime
creature and a slime creature.

Vanquished Creatures
  Erica (D:8)
  3 two-headed ogres
  An ugly thing (D:9)
  2 cyclopes (D:9)
  A komodo dragon (D:11)
  A tengu conjurer (D:9)
  3 trolls
  2 polar bears (D:10)
  2 hornets
  A shadow (D:10)
  2 vampires
  3 wraiths
  3 wyverns (D:9)
  24 yaks
  5 basilisks
  A steam dragon (D:8)
  3 two-headed ogre zombies (D:10)
  An acid dragon (D:12)
  6 water moccasins
  8 orc warriors
  3 ice beasts
  5 black bears
  2 sky beasts (D:6)
  A black bear (shapeshifter) (D:9)
  3 ogres
  5 centaurs
  A phantom (D:10)
  2 bullfrogs (D:8)
  3 kobold brigands
  4 scorpions
  5 wights
  A troll zombie (D:10)
  A jelly (D:5)
  7 howler monkeys
  3 hounds
  8 orc priests
  2 gnoll boudas
  3 sleepcaps
  3 iguanas
  5 orc wizards
  4 ogre zombies (D:10)
  6 adders
  24 gnolls
  2 shadow imps
  A white imp (D:6)
  4 ufetubi
  2 dart slugs
  52 orcs
  7 bats
  7 endoplasms
  4 giant cockroaches
  4 goblins
  9 hobgoblins
  4 jackals (D:1)
  3 quokkas
  7 ball pythons
  2 frilled lizards (D:1)
  3 goblin skeletons (D:10)
  A goblin zombie (D:10)
  2 hobgoblin skeletons (D:10)
  4 hobgoblin zombies (D:10)
  15 kobolds
  15 orc zombies (D:10)
  5 rats
  2 butterflies (D:9)
329 creatures vanquished.

Vanquished Creatures (others)
  A bush (D:9)
  5 fungi (D:9)
  23 plants (D:9)
29 creatures vanquished.

Grand Total: 358 creatures vanquished

Notes
Turn   | Place    | Note
-------+----------+-------------------------------------------
     0 | D:1      | cforsyth the Deep Elf Earth Elementalist began the quest
                  | for the Orb.
     0 | D:1      | Reached XP level 1. HP: 10/10 MP: 6/6
   123 | D:1      | Reached XP level 2. HP: 15/15 MP: 5/8
   496 | D:1      | Reached skill level 4 in Spellcasting
   711 | D:1      | Reached XP level 3. HP: 19/19 MP: 6/10
   958 | D:2      | Reached XP level 4. HP: 18/24 MP: 3/12
  1077 | D:2      | Found a sparkling altar of Nemelex Xobeh.
  1526 | D:3      | You fall into a shaft and drop 1 floor!
  1578 | D:4      | Reached skill level 5 in Spellcasting
  1751 | D:3      | Reached skill level 5 in Earth Magic
  1753 | D:3      | Reached XP level 5. HP: 23/28 MP: 8/15
  2131 | D:4      | Reached skill level 6 in Spellcasting
  2188 | D:4      | Noticed an ogre
  2191 | D:4      | Killed an ogre
  2192 | D:4      | Reached XP level 6. HP: 11/32 MP: 12/17
  2491 | D:4      | Found Boekh's Assorted Antiques.
  2523 | D:4      | Noticed an ice beast
  2527 | D:4      | Killed an ice beast
  2528 | D:4      | Reached skill level 7 in Spellcasting
  2582 | D:4      | Reached XP level 7. HP: 36/36 MP: 16/19
  3231 | D:4      | Bought a transparent dagger for 154 gold pieces
  3231 | D:4      | Identified the +2 dagger of Qazlal's Generosity {freeze,
                  | rC+ Dex+3 SInv} (You bought it in a shop on level 4 of the
                  | Dungeon)
  3254 | D:5      | Entered Level 5 of the Dungeon
  3326 | D:5      | Reached skill level 8 in Spellcasting
  3362 | D:5      | Found a staircase to the Ecumenical Temple.
  3371 | Temple   | Entered the Ecumenical Temple
  3381 | Temple   | Became a worshipper of Vehumet
  3973 | D:5      | Reached skill level 9 in Spellcasting
  4285 | D:5      | Reached XP level 8. HP: 41/41 MP: 21/23
  4564 | D:6      | Found Hoarru's Assorted Antiques.
  4581 | D:6      | Found a large runed translucent door.
  4582 | D:6      | Found a large runed translucent door.
  4626 | D:6      | Bought a scroll labelled GEINYQ ECWAIVI for 19 gold pieces
  4769 | D:6      | Reached * piety under Vehumet
  4769 | D:6      | Offered knowledge of Foxfire by Vehumet.
  4770 | D:6      | Reached skill level 10 in Spellcasting
  5266 | D:6      | Reached skill level 11 in Spellcasting
  5436 | D:6      | Reached XP level 9. HP: 45/45 MP: 24/26
  5464 | D:6      | Found a sacrificial altar of Ru.
  5468 | D:6      | Found a hazy altar of Hepliaklqana.
  5612 | D:7      | Reached skill level 10 in Earth Magic
  5688 | D:7      | Learned a level 3 spell: Stone Arrow
  5693 | D:7      | Learned a level 4 spell: Petrify
  5868 | D:7      | Found a shimmering blue altar of Sif Muna.
  5872 | D:7      | Reached skill level 12 in Spellcasting
  6801 | D:7      | Found a stormy altar of Qazlal.
  6933 | D:7      | Reached skill level 13 in Spellcasting
  7268 | D:8      | Reached ** piety under Vehumet
  7268 | D:8      | Offered knowledge of Magic Dart by Vehumet.
  7343 | D:8      | Reached XP level 10. HP: 50/50 MP: 26/29
  7372 | D:8      | Got Luwigad's Quarto of Creeping Heat
  7502 | D:8      | Found a large runed translucent door.
  7502 | D:8      | Found a large runed translucent door.
  7504 | D:8      | Noticed Farfigtubin's ghost (novice KoBr)
  7578 | D:8      | Noticed Erica
  7586 | D:8      | Killed Erica
  7587 | D:8      | Reached skill level 14 in Spellcasting
  7606 | D:7      | Learned a level 6 spell: Statue Form
  7814 | D:8      | Found a snail-covered altar of Cheibriados.
  7887 | D:8      | Found a sparkling altar of Nemelex Xobeh.
  7889 | D:8      | Found a transporter.
  7911 | D:8      | Reached skill level 1 in Fighting
  8338 | D:8      | Found a shadowy altar of Dithmenos.
  8644 | D:9      | Noticed a red ugly thing
  8650 | D:9      | Killed a red ugly thing
  8930 | D:9      | Reached skill level 5 in Dodging
  9041 | D:9      | Noticed a two-headed ogre
  9042 | D:9      | Found a blossoming altar of Fedhas.
  9048 | D:9      | Killed a two-headed ogre
  9140 | D:9      | Offered knowledge of Mephitic Cloud by Vehumet.
  9157 | D:9      | Reached skill level 5 in Transmutations
  9157 | D:9      | Reached XP level 11. HP: 60/60 MP: 26/31
  9249 | D:9      | Found a staircase to the Lair.
  9321 | D:9      | Reached *** piety under Vehumet
  9689 | D:9      | Found a shimmering altar of Xom.
  9802 | D:9      | Offered knowledge of Airstrike by Vehumet.
  9808 | D:9      | Learned a level 4 spell: Airstrike
  9826 | D:9      | Reached skill level 5 in Fighting
  9923 | D:9      | Found a basalt altar of Yredelemnul.
 10189 | D:9      | Identified the ring "Ajylemaw" {rF+ rC+ Str+3 Dex-2}
 10435 | D:10     | Entered Level 10 of the Dungeon
 10732 | D:10     | Found a bloodstained altar of Trog.
 10838 | D:10     | Reached **** piety under Vehumet
 10885 | D:10     | Found a staircase to the Orcish Mines.
 10887 | D:10     | Offered knowledge of Olgreb's Toxic Radiance by Vehumet.
 11201 | D:10     | Reached ***** piety under Vehumet
 11285 | D:10     | Offered knowledge of Arcjolt by Vehumet.
 11558 | D:10     | Reached skill level 10 in Dodging
 11803 | D:11     | Noticed a two-headed ogre
 11807 | D:11     | Killed a two-headed ogre
 11808 | D:11     | Reached skill level 1 in Conjurations
 11832 | D:11     | Reached XP level 12. HP: 29/71 MP: 26/32
 11872 | D:11     | Noticed a two-headed ogre
 11876 | D:11     | Killed a two-headed ogre
 12264 | D:12     | Found Zediptar's Distillery.
 12430 | D:4      | Bought a pink potion for 19 gold pieces
 12813 | D:12     | Noticed a boulder beetle
 12813 | D:12     | Noticed a boulder beetle
 12829 | D:12     | Annihilated by a very large slime creature

Illustrated notes

Levels and vault maps discovered:
D:1:      lemuel_arrival_muddy, layout_basic, amethyst_killhole
D:2:      layout_basic, serial_glass, glass_columns_b, glass_columns_a,
          basic_altar
D:3:      layout_basic
D:4:      layout_basic, serial_shops, kennysheep_mini_moat
D:5:      layout_layer_cave, minmay_temple_entry_hall
D:6:      layout_loops_corners, jmf_multi_god_temple2, serial_shops,
          nicolae_shop_waterfront
D:7:      layout_basic, nicolae_sif_muna_little_library, grunt_qazlal_sundering,
          hex_intersection, serial_bayou_pond_d
D:8:      layout_layer_cave, grunt_nemelex_the_gamble, marbit_many_paths,
          mainiacjoe_overflow_brackets, ebering_ghost_disaster_area,
          kennysheep_path_1, uniq_erica
D:9:      minmay_the_grid_plus_closed [minmay_the_grid_slots,
          minmay_the_grid_minigrid_small_alt, minmay_the_grid_minigrid_large,
          minmay_the_grid_diamond_grid, minmay_the_grid_prize_shrinking_boxes],
          layout_basic, lemuel_crystal_altar, xom_butterflies,
          kennysheep_little_box, minmay_lair_entry_grove
D:10:     layout_roguey [special_room_orc], trog_ov_bears_minmay,
          zombieorc2_lemuel
D:11:     layout_rooms
D:12:     kennysheep_room_grid, layout_small_grid, serial_shops,
          nicolae_shop_hallway_stairs, minmay_strange_pillars, minivault_16,
          okawaru_metal_pillars_1_2
Temple:   nicolae_temple_ecumenical_triangle

Skill      XL: |  1  2  3  4  5  6  7  8  9 10 11 12 |
---------------+-------------------------------------+-----
Earth Magic    | 4 5 6 7 9 11 12 | 12.1
Spellcasting   | 4 5 6 7 9 11 13 14 | 14.0
Fighting       | 3 6 7 |  7.1
Dodging        | 5 10 | 10.6
Transmutations | 5 |  5.0
Conjurations   | 1 2 |  2.9
Stealth        | |  2.4

Action                     |  1- 3 |  4- 6 |  7- 9 | 10-12 || total
---------------------------+-------+-------+-------+-------++-------
   Cast: Sandblast         |    48 |    57 |   124 |   277 ||   506
         Stone Arrow       |       |       |    22 |    95 ||   117
         Statue Form       |       |       |       |     2 ||     2
         Petrify           |       |       |       |     2 ||     2
         Airstrike         |       |       |       |     6 ||     6
    Use: Scroll            |       |       |     9 |     6 ||    15
 Armour: Robe              |     3 |     2 |     6 |    28 ||    39
         Skin              |       |       |       |     3 ||     3
         Troll leather arm |       |       |       |     3 ||     3
  Dodge: Dodged            |    13 |     9 |    32 |   179 ||   233

Table legend: (Time is in decaauts)
 A = Elapsed time spent in this place.
 B = Non-inter-level travel time spent in this place.
 C = Inter-level travel time spent in this place.
 D = Time resting spent in this place.
 E = Time spent auto-exploring this place.
 F = Levels seen in this place.
 G = Mean time per level.
                   A        B        C        D        E       F      G
               +--------+--------+--------+--------+--------+-----+--------+
         Total |  13161 |  12511 |    650 |   1166 |   9169 |  13 | 1012.4 |
       Dungeon |  13141 |  12500 |    641 |   1166 |   9166 |  12 | 1095.1 |
        Temple |     19 |     10 |      9 |      0 |      3 |   1 |   19.0 |
               +--------+--------+--------+--------+--------+-----+--------+

Top non-repeatable levels by time:
     D:9: 2013 daAuts
     D:7: 1523 daAuts
     D:8: 1497 daAuts
    D:10: 1438 daAuts
     D:6: 1363 daAuts
     D:4: 1305 daAuts
     D:5: 1191 daAuts
     D:1: 787 daAuts
     D:2: 712 daAuts
     D:3: 606 daAuts
    D:11: 523 daAuts
    D:12: 178 daAuts
  Temple: 19 daAuts
